 Dungeon Crawl Stone Soup version 0.23.2-1-ga50397a (webtiles) character file.

Game seed: 4307922606926048326

486139 diana the Impregnable (level 23, -13/197 HPs)
             Began as a Demonspawn Gladiator on May 19, 2019.
             Was an Initiate of Gozag.
             Killed from afar by a storm dragon (37 damage)
             ... with a bolt of lightning
             ... on level 3 of the Depths.
             The game lasted 02:26:24 (65531 turns).

diana the Impregnable (Demonspawn Gladiator)       Turns: 65531, Time: 02:26:24

Health: -13/197    AC: 42    Str: 23    XL:     23   Next: 79%
Magic:  0/26       EV: 24    Int:  9    God:    Gozag
Gold:   14048      SH:  6    Dex: 29    Spells: 22/22 levels left

rFire    . . .     SeeInvis .   I - +0 lajatang
rCold    + + +     Gourm    .   (shield currently unavailable)
rNeg     + + +     Faith    .   Z - +6 plate armour "Wym Usok" {rF- rN+ Regen+}
rPois    +         Spirit   +   D - +1 hat of the Sun {-Cast *Contam rC++ MR+ Stlth+}
rElec    .         Reflect  .   o - +2 ratskin cloak {+Rats rPois rN+ Str-1 Int-1 Dex+1}
rCorr    .         Harm     .   i - +1 pair of gloves "Qisoenok" {*Contam +Inv rPois Dex+7}
MR       ++...     NoCast   +   (boots unavailable)
Stlth    ..........             y - amulet of guardian spirit
HPRegen  0.82/turn              J - ring of Beadaqodimm {rN+ Dex+4 Slay+3}
MPRegen  0.20/turn              X - ring of Robustness {AC+8}

@: gold aura
A: antennae 1, talons 3, large bone plates 2, cold resistance 2, fire resistance
1, icemail, spiny 3, strong 1, augmentation 2, freezing cloud immunity
}: 2/15 runes: serpentine, barnacled
a: Potion Petition, Call Merchant, Bribe Branch, Renounce Religion, Evoke
Ratskin, Evoke Invisibility


You were on level 3 of the Depths.
You worshipped Gozag.
Gozag was extremely pleased with you.
You were hungry.

You visited 8 branches of the dungeon, and saw 41 of its levels.
You visited the Abyss 3 times.
You visited 1 bazaar.
You also visited: Gauntlet, Ice Cave and Wizlab.

You collected 25494 gold pieces.
You spent 7284 gold pieces at shops.
You paid 4162 gold pieces to Gozag.

Inventory:

Hand Weapons
 C - a +2 quarterstaff of draining
 I - a +0 lajatang (weapon)
Missiles
 d - 5 throwing nets (quivered)
Armour
 i - the +1 pair of gloves "Qisoenok" (worn) {*Contam +Inv rPois Dex+7}
   (You bought it in a shop on level 2 of the Orcish Mines)

   It affects your dexterity (+7).
   It protects you from poison.
   It lets you turn invisible.
   It causes magical contamination when unequipped.
 o - the +2 ratskin cloak (worn) {+Rats rPois rN+ Str-1 Int-1 Dex+1}
   (You bought it in a shop on level 1 of the Lair of Beasts)

   It affects your strength (-1).
   It affects your intelligence (-1).
   It affects your dexterity (+1).
   It protects you from poison.
   It protects you from negative energy.
 D - the +1 hat of the Sun (worn) {-Cast *Contam rC++ MR+ Stlth+}
   (You found it on level 2 of the Lair of Beasts)

   It greatly protects you from cold.
   It affects your resistance to hostile enchantments.
   It prevents spellcasting.
   It causes magical contamination when unequipped.
   It makes you more stealthy.
 T - the +1 cloak of the Trees {Str+4}
   (You found it on level 2 of the Shoals)

   It affects your strength (+4).
 Z - the +6 plate armour "Wym Usok" (worn) {rF- rN+ Regen+}
   (You took it off a deep elf blademaster on level 2 of the Elven Halls)

   It makes you vulnerable to fire.
   It protects you from negative energy.
   It increases your rate of regeneration.
Jewellery
 g - a +5 ring of protection
 u - the ring of Hiec {rElec Slay+2 SInv}
   (You found it on level 1 of the Shoals)

   [ring of see invisible]

   It affects your accuracy and damage with ranged weapons and melee attacks
   (+2).
   It insulates you from electricity.
   It lets you see invisible.
 y - an amulet of guardian spirit (around neck)
 J - the ring of Beadaqodimm (left hand) {rN+ Dex+4 Slay+3}
   (You bought it in a shop in a bazaar)

   [ring of slaying]

   It affects your dexterity (+4).
   It affects your accuracy and damage with ranged weapons and melee attacks
   (+3).
   It protects you from negative energy.
 X - the ring of Robustness (right hand) {AC+8}
   (You bought it in a shop on level 1 of the Lair of Beasts)

   [ring of protection]

   It affects your AC (+8).
Wands
 n - a wand of random effects (17)
 A - a wand of flame (87)
 F - a wand of digging (3)
 H - a wand of scattershot (12)
 K - a wand of clouds (7)
 R - a wand of acid (27)
 U - a wand of disintegration (15)
 W - a wand of iceblast (18)
Scrolls
 c - 11 scrolls of remove curse
 e - a scroll of brand weapon
 j - 29 scrolls of teleportation
 m - 9 scrolls of magic mapping
 p - 5 scrolls of blinking
 q - 2 scrolls of silence
 v - 3 scrolls of immolation
 w - 11 scrolls of identify
 x - a scroll of enchant armour
 B - a scroll of acquirement
 M - 5 scrolls of summoning
 N - 2 scrolls of amnesia
 O - 7 scrolls of fear
 Q - a scroll of enchant weapon
 V - 2 scrolls of torment
 Y - 3 scrolls of fog
Potions
 a - 5 potions of cancellation
 b - 5 potions of might
 h - a potion of ambrosia
 k - 3 potions of resistance
 l - 4 potions of haste
 r - 3 potions of agility
 s - 3 potions of heal wounds
 t - 2 potions of invisibility
 z - 15 potions of curing
 E - 7 potions of flight
 G - 4 potions of brilliance
 L - a potion of berserk rage
 P - a potion of magic
Miscellaneous
 S - a phial of floods
Comestibles
 f - 44 rations


   Skills:
 + Level 20.2 Fighting
 - Level 14.0 Staves
 - Level 1.7 Throwing
 * Level 23.7 Armour
 + Level 19.0 Dodging
 - Level 5.0 Evocations


You had 22 spell levels left.
You didn't know any spells.
Your spell library contained the following spells:

 Spells                   Type           Power        Failure   Level  Hunger
 Beastly Appendage        Tmut           #.....       88%         1    ##.....
 Confusing Touch          Hex            #.....       88%         1    ##.....
 Flame Tongue             Conj/Fire      #....        88%         1    ##.....
 Magic Dart               Conj           #...         88%         1    ##.....
 Shock                    Conj/Air       #...         88%         1    ##.....
 Sting                    Conj/Pois      #...         88%         1    ##.....
 Summon Butterflies       Summ           #.......     88%         1    ##.....
 Summon Small Mammal      Summ           #...         88%         1    ##.....
 Blink                    Tloc           N/A          95%         2    ###....
 Call Imp                 Summ           #.......     95%         2    ###....
 Corpse Rot               Necr           N/A          95%         2    ###....
 Poisonous Vapours        Pois/Air       #.....       95%         2    ###....
 Searing Ray              Conj           #.....       95%         2    ###....
 Slow                     Hex            #.......     95%         2    ###....
 Sticks to Snakes         Tmut           #.......     95%         2    ###....
 Sublimation of Blood     Necr           #.........   95%         2    ###....
 Swiftness                Chrm/Air       #.......     95%         2    ###....
 Call Canine Familiar     Summ           #.......     99%         3    ####...
 Confuse                  Hex            #.......     99%         3    ####...
 Conjure Flame            Conj/Fire      #.......     99%         3    ####...
 Dazzling Spray           Conj/Hex       #.....       99%         3    ####...
 Gell's Gravitas          Tloc           #.........   99%         3    ####...
 Ignite Poison            Fire/Tmut/Pois #.......     99%         3    ####...
 Mephitic Cloud           Conj/Pois/Air  #.......     99%         3    ####...
 Portal Projectile        Hex/Tloc       #.....       99%         3    ####...
 Recall                   Summ/Tloc      N/A          99%         3    ####...
 Spider Form              Tmut/Pois      #.........   99%         3    ####...
 Static Discharge         Conj/Air       #.......     99%         3    ####...
 Airstrike                Air            #.........   100%        4    #####..
 Cause Fear               Hex            #.........   100%        4    #####..
 Force Lance              Conj/Tloc      #.......     100%        4    #####..
 Fulminant Prism          Conj/Hex       #.........   100%        4    #####..
 Ice Form                 Ice/Tmut       #.......     100%        4    #####..
 Iskenderun's Mystic Bla  Conj           #.......     100%        4    #####..
 Olgreb's Toxic Radiance  Pois           #.......     100%        4    #####..
 Petrify                  Tmut/Erth      #.......     100%        4    #####..
 Summon Ice Beast         Ice/Summ       #.......     100%        4    #####..
 Agony                    Necr           #.......     100%        5    ######.
 Alistair's Intoxication  Tmut/Pois      #.......     100%        5    ######.
 Aura of Abjuration       Summ           #.........   100%        5    ######.
 Blade Hands              Tmut           #.........   100%        5    ######.
 Bolt of Draining         Conj/Necr      #.........   100%        5    ######.
 Bolt of Magma            Conj/Fire/Erth #.........   100%        5    ######.
 Dispel Undead            Necr           #.......     100%        5    ######.
 Excruciating Wounds      Chrm/Necr      #.........   100%        5    ######.
 Irradiate                Conj/Tmut      #.........   100%        5    ######.
 Iskenderun's Battlesphe  Conj/Chrm      #.......     100%        5    ######.
 Lightning Bolt           Conj/Air       #.........   100%        5    ######.
 Metabolic Englaciation   Hex/Ice        #.........   100%        5    ######.
 Summon Demon             Summ           #.........   100%        5    ######.
 Summon Forest            Summ/Tloc      #.........   100%        5    ######.
 Summon Mana Viper        Hex/Summ       #.......     100%        5    ######.
 Venom Bolt               Conj/Pois      #.........   100%        5    ######.
 Yara's Violent Unravell  Hex/Tmut       #.........   100%        5    ######.
 Bolt of Cold             Conj/Ice       #.........   100%        6    #######
 Bolt of Fire             Conj/Fire      #.........   100%        6    #######
 Deflect Missiles         Chrm/Air       #.........   100%        6    #######
 Dispersal                Tloc           #.........   100%        6    #######
 Freezing Cloud           Conj/Ice/Air   #.........   100%        6    #######
 Iron Shot                Conj/Erth      #.........   100%        6    #######
 Ozocubu's Refrigeration  Ice            #.........   100%        6    #######
 Shadow Creatures         Summ           N/A          100%        6    #######
 Simulacrum               Ice/Necr       #.........   100%        6    #######
 Dragon Form              Tmut           #.........   100%        7    #######
 Malign Gateway           Summ/Tloc      #.........   100%        7    #######
 Orb of Destruction       Conj           #.........   100%        7    #######
 Ring of Flames           Chrm/Fire      #.........   100%        7    #######
 Spellforged Servitor     Conj/Summ      #.........   100%        7    #######
 Summon Hydra             Summ           #.........   100%        7    #######
 Controlled Blink         Tloc           N/A          100%        8    #######
 Disjunction              Tloc           #.........   100%        8    #######
 Dragon's Call            Summ           #.........   100%        9    #######


Dungeon Overview and Level Annotations

Branches:
Dungeon (15/15)            Temple (0/1) D:5            Lair (6/6) D:11
 Shoals (4/4) Lair:2        Snake (4/4) Lair:3        Slime (0/5) Lair:5
    Orc (2/2) D:12            Elf (3/3) Orc:2        Vaults (4/5) D:13
  Crypt (0/3) Vaults:2     Depths (3/5) D:15

Altars:
Ashenzari
Cheibriados
Dithmenos
Elyvilon
Gozag
Kikubaaqudgha
Makhleb
Qazlal
Sif Muna
Vehumet
Yredelemnul
Zin
Beogh
Jiyva
Lugonu

Shops:
D:4 (   Orc:2 [*(=   Elf:2 %   Lair:1 [=[([   Vaults:2 *   Depths:1 *

Portals:
Hell: Lair:6 Depths:1 Depths:2
Abyss: Depths:1 Depths:2
Trove: Vaults:4 (give 17 potions of curing)

Annotations:
Vaults:4 exclusion: obsidian statue
Depths:2 2 transporters


Innate Abilities, Weirdness & Mutations

You have claws for feet.
You are mostly covered in large bone plates. (SH +6)
Your flesh is very cold resistant. (rC++)
A meltable icy envelope protects you from harm. (AC +0)
You are completely covered in sharp spines.
Your magical and physical power is enhanced at high health.
You are immune to freezing clouds.
You have a pair of small antennae on your head.
Your flesh is heat resistant. (rF+)
Your muscles are strong. (Str +2)


Message History

The spark wasp closely misses you.
The ettin is engulfed in noxious fumes.
The spark wasp is struck by your spines.
The spark wasp stings you. The spark wasp shocks you!
* * * LOW HITPOINT WARNING * * *
You slice the spark wasp!!
You kill the spark wasp!
The tengu warrior becomes distracted by the nearby gold, dreaming of imaginary riches.
The spark wasp stings the spark wasp.
The spark wasp shocks the spark wasp.
The spark wasp completely resists.
The fire dragon bites you.
* * * LOW HITPOINT WARNING * * *
The fire dragon claws you but does no damage.
The fire dragon barely misses you.
The yaktaur is engulfed in noxious fumes.
The yaktaur appears confused.
The storm dragon breathes lightning at you.
The bolt of lightning hits you!!
* * * LOW HITPOINT WARNING * * *
The bolt of lightning hits you!!!
You die...
Your body crumbles into a pile of gold.

**,,**8,,,,,8**..,,,,..#*,**,,,,≈
#*,**,,,,,,,,,*#..,,,..#,,,*,,,,≈
#,,*8,,,,,,,,,8#.#**...#,∩,*,*,,≈
+,,+,,,,,,,,,,,+.###...#,,,*,**,,
#,,*8,,,,,,,,,8#c^§§c..##,**,,*,,
#*,**,,,,,,,,,##.C§§§...#**,,,*,,
###+##8,,,,,8##.D§○.....+,,,,,+,,
.....##,,,,,##Qy§D#*,,,,**,,,**,,
...(..##8,8*#..y@§#*,,,,**,,,**,,
......<##+#####$###*,,,,,,,,,,,,,
######...?##......##,,,,,,,,*****
,,,,*#....##(......#,,,,,,,,*
,,,,,#....#........#,,,,,,,,* *
,,,,,+....#(...$...#,,,,,,,,* *
,,,,,#...((())..|..#,,,,,,,,* *
,*,,*#..####($##..##*,,,***,* *
*****#..####$$##..#**,,,*****


You could see a storm dragon, a fire dragon, a yaktaur captain, an ettin
(confused), 2 spark wasps, a tengu warrior (confused) and a yaktaur (confused).

Vanquished Creatures
  Saint Roka (Snake:2)
  A Hellbinder (WizLab)
  A bone dragon (Abyss:3)
  2 liches
  Jorgrun (D:12)
  Rupert (Lair:4)
  2 deep elf master archers (Elf:3)
  2 deep elf blademasters
  Frances (Shoals:2)
  A sphinx (Vaults:4)
  Polyphemus (Shoals:3)
  4 tentacled starspawn
  Gastronok (D:12)
  2 tengu reavers
  9 nagarajas
  Roxanne (Elf:2)
  A blood saint (WizLab)
  10 vault wardens
  2 fire giants
  Ilsuiw (Shoals:2)
  The ghost of Exporg the Executioner, a journeyman HOBe of Trog (D:15)
  5 frost giants
  Aizul (Shoals:1)
  2 balrugs (WizLab)
  7 deep elf sorcerers
  An orc warlord (Orc:2)
  A cacodemon (WizLab)
  4 deep elf elementalists
  A reaper (Abyss:3)
  9 ironheart preservers
  15 very ugly things
  16 stone giants
  2 lorocyprocas
  3 entropy weavers
  9 deep elf annihilators (Elf:3)
  6 deep elf demonologists (Elf:3)
  6 spark wasps
  A minotaur (Gauntlet)
  A dire elephant (Lair:6)
  The ghost of mopl the Grappler, a journeyman MiTm of Cheibriados (Lair:6)
  An ettin (shapeshifter) (Vaults:3)
  7 deep elf death magi (Elf:3)
  4 merfolk javelineers
  7 ettins
  Josephine (D:9)
  2 green deaths (WizLab)
  3 deep elf high priests (Elf:3)
  2 blizzard demons (WizLab)
  9 fire dragons
  14 ogre magi
  12 yaktaur captains
  5 great orbs of eyes
  8 merfolk impalers
  The ghost of Trampli the Prestidigitator, a journeyman NaAr of Cheibriados (D:9)
  The ghost of Cynry the Ripper, a journeyman FeBe of Trog (Shoals:2)
  24 naga warriors
  4 rakshasas
  3 hell beasts
  3 ice dragons
  The ghost of Dezc2000 the Fighter, a novice OgWz of Hepliaklqana (D:9)
  2 vault guards (Vaults:4)
  5 merfolk avatars
  3 alligator snapping turtles
  18 anacondas
  2 catoblepae
  9 centaur warriors
  4 merfolk aquamancers
  A queen ant (Lair:2)
  9 death yaks
  9 hydras
  3 deep troll shamans
  4 satyrs
  The ghost of Curus the Severer, a novice MiBe of Trog (D:9)
  A two-headed ogre (shapeshifter) (Vaults:2)
  49 two-headed ogres
  2 thrashing horrors (Abyss:3)
  A tengu warrior (D:14)
  2 soul eaters (WizLab)
  2 sun demons
  6 orc high priests
  Urug (Lair:1)
  5 shock serpents
  11 naga sharpshooters
  10 hell knights (Depths:1)
  2 wretched stars (Abyss:2)
  2 iron trolls (Depths:2)
  24 deep elf knights
  3 sixfirhies
  5 salamander mystics
  19 skeletal warriors
  2 shadow wraiths
  A flayed ghost (Vaults:2)
  A spatial maelstrom (Abyss:3)
  11 deep trolls
  11 sea snakes
  9 wizards
  A golden dragon zombie (Abyss:2)
  3 unseen horrors
  15 naga ritualists
  A glowing orange brain (shapeshifter) (Vaults:4)
  An obsidian statue (D:11)
  A shadow demon (Abyss:3)
  A swamp dragon (shapeshifter) (Elf:2)
  14 ironbrand convokers
  15 orc knights
  4 necromancers
  21 deep elf archers
  3 lindwurms
  60 deep elf magi
  6 wolf spiders
  9 large abominations
  42 ugly things
  A cyclops (shapeshifter) (Vaults:3)
  9 harpies
  A tengu skeleton (Vaults:3)
  8 cyclopes
  17 fauns
  5 orc sorcerers
  A worldbinder (Abyss:2)
  13 mana vipers
  A moth of wrath (Shoals:2)
  A frost giant zombie (Vaults:3)
  8 salamanders
  17 manticores
  12 merfolk sirens
  An elephant (Lair:6)
  2 rust devils
  13 vault sentinels
  Joseph (D:8)
  A black mamba (shapeshifter) (Vaults:3)
  39 black mambas
  18 naga magi
  2 fire giant skeletons
  An apocalypse crab (Abyss:2)
  8 smoke demons
  An ice statue (IceCv)
  Psyche (D:8)
  2 torpor snails
  8 guardian serpents
  4 orange demons
  2 gargoyles
  6 water nymphs
  A spiny frog (shapeshifter) (Vaults:2)
  16 spiny frogs
  2 hellions (WizLab)
  4 centaur skeletons
  20 rime drakes
  A komodo dragon (shapeshifter) (Vaults:2)
  2 human zombies
  A tormentor (WizLab)
  7 freezing wraiths
  3 tengu conjurers
  A redback zombie (D:14)
  8 komodo dragons
  2 ancient zymes (Abyss:2)
  6 red devils
  65 yaktaurs
  A hellwing (Abyss:2)
  19 merfolk
  3 ice devils
  A wind drake (shapeshifter) (Depths:2)
  A queen bee (shapeshifter) (Vaults:1)
  9 trolls
  3 meliai (D:15)
  5 wind drakes
  14 polar bears
  10 raiju
  A tengu simulacrum (Vaults:3)
  A jumping spider (Vaults:1)
  8 snapping turtles
  5 slime creatures
  A sphinx simulacrum (Vaults:1)
  2 dream sheep (Shoals:3)
  A hippogriff (shapeshifter) (Vaults:2)
  A raiju (shapeshifter) (Vaults:2)
  12 blink frogs
  12 hippogriffs
  A fire giant simulacrum (Vaults:3)
  A frost giant simulacrum (Vaults:2)
  4 air elementals
  A centaur simulacrum (D:14)
  20 starcursed masses
  A spriggan (Lair:3)
  8 wraiths
  2 shadows
  2 tarantellas (Vaults:1)
  3 ynoxinuls
  2 yaks (shapeshifter)
  A redback (Vaults:1)
  A spriggan (shapeshifter) (D:14)
  12 water elementals
  47 yaks
  2 wyverns
  7 chaos spawn
  A human (D:8)
  2 vampire mosquitoes (D:14)
  7 neqoxecs
  7 steam dragons
  3 hungry ghosts
  2 hogs (D:8)
  3 basilisks
  4 fire elementals
  Grum (Lair:1)
  Menkaure (D:7)
  4 soldier ants (Lair:2)
  5 wargs
  58 nagas
  A swamp worm (shapeshifter) (Elf:3)
  A hydra simulacrum (Lair:6)
  5 hell hounds (Lair:6)
  An acid dragon (D:15)
  15 water moccasins
  9 porcupines
  47 orc warriors
  12 small abominations
  2 ice beasts
  9 sky beasts
  6 black bears
  A black bear (shapeshifter) (Vaults:4)
  A phantom (D:6)
  3 black mamba simulacra (Lair:6)
  2 necrophages
  40 ogres
  A boggart (shapeshifter) (Vaults:1)
  16 wolves
  10 boggarts
  14 centaurs
  8 crocodiles
  A big kobold (shapeshifter) (D:15)
  2 big kobolds
  3 earth elementals
  21 bullfrogs
  A water moccasin skeleton (D:7)
  11 killer bees
  3 scorpions
  5 wights (D:10)
  5 electric eels
  6 howler monkeys
  7 crimson imps
  A torpor snail simulacrum (Lair:6)
  A bullfrog zombie (D:12)
  A komodo dragon simulacrum (Lair:6)
  8 quasits
  4 centaur zombies
  6 hounds
  2 jellies
  42 orc wizards
  25 orc priests
  3 iguanas
  6 iron imps
  3 hell rats (Lair:1)
  30 worker ants
  A killer bee zombie (D:5)
  A hound zombie (D:7)
  2 hound skeletons
  A worker ant zombie (D:7)
  4 gnolls (Orc:1)
  20 adders
  11 river rats (Lair:1)
  3 shadow imps
  12 white imps (Lair:2)
  2 oozes
  2 adder zombies
  An adder skeleton (D:8)
  6 worms
  2 dart slugs (D:1)
  8 leopard geckos
  128 orcs
  6 giant cockroaches
  3 hobgoblins
  8 jackals
  17 kobolds
  8 quokkas
  4 ball pythons
  6 bats
  5 frilled lizards
  7 goblins
  2 leopard gecko zombies (D:5)
  A quokka zombie (D:8)
  7 rats
  A plant (Shoals:3)
  A starspawn tentacle (Abyss:2)
2043 creatures vanquished.

Vanquished Creatures (others)
  30 dancing weapons
  A deep elf knight (Elf:2)
  A shadow wraith (Vaults:4)
  A necromancer (Vaults:2)
  2 deep elf magi (Elf:1)
  An orc sorcerer (Orc:1)
  A rime drake (Lair:6)
  A hornet (Vaults:1)
  A chaos spawn (WizLab)
  2 boggarts
  An iguana (D:12)
  An orc wizard (D:12)
  An orc (D:12)
  9 fungi
  11 plants
  11 starspawn tentacles
  10 toadstools (Lair:3)
  4 withered plants (D:9)
89 creatures vanquished.

Grand Total: 2132 creatures vanquished

Notes
Turn   | Place    | Note
-------+----------+-------------------------------------------
     0 | D:1      | diana the Demonspawn Gladiator began the quest for the Orb.
     0 | D:1      | Reached XP level 1. HP: 16/16 MP: 1/1
    44 | D:1      | Gained mutation: You have sharp toenails. [demonic
                  | ancestry]
    44 | D:1      | Reached XP level 2. HP: 14/22 MP: 2/2
   136 | D:1      | HP: 1/22 [kobold/+0 whip (1)]
   879 | D:2      | Gained mutation: You are partially covered in sharp spines.
                  | [demonic ancestry]
   879 | D:2      | Reached XP level 3. HP: 28/28 MP: 3/3
   942 | D:2      | Reached skill level 1 in Armour
  1276 | D:2      | Gained mutation: You are partially covered in large bone
                  | plates. (SH +4) [demonic ancestry]
  1276 | D:2      | Reached XP level 4. HP: 7/34 MP: 4/4
  1851 | D:3      | Found an opulent altar of Gozag.
  1866 | D:3      | Became a worshipper of Gozag Ym Sagoz the Greedy
  2097 | D:3      | Gained mutation: Your flesh is cold resistant. (rC+)
                  | [demonic ancestry]
  2097 | D:3      | Reached XP level 5. HP: 40/40 MP: 5/5
  2238 | D:3      | Reached skill level 1 in Evocations
  2786 | D:4      | Reached XP level 6. HP: 40/47 MP: 7/7
  2787 | D:4      | Reached skill level 2 in Armour
  3137 | D:4      | Found a shadowy altar of Dithmenos.
  3385 | D:4      | Found Tiecel's Antique Weapon Shoppe.
  3470 | D:5      | Entered Level 5 of the Dungeon
  3495 | D:5      | Found a staircase to the Ecumenical Temple.
  3514 | D:5      | Found a snail-covered altar of Cheibriados.
  3585 | D:5      | Reached XP level 7. HP: 49/52 MP: 8/8
  3626 | D:5      | Reached skill level 5 in Staves
  4186 | D:5      | Reached skill level 3 in Armour
  4235 | D:5      | Reached XP level 8. HP: 24/61 MP: 9/9
  4256 | D:5      | Noticed a two-headed ogre
  4779 | D:6      | Found a stormy altar of Qazlal.
  5361 | D:7      | Reached skill level 5 in Fighting
  5361 | D:7      | Reached skill level 5 in Dodging
  5432 | D:7      | Noticed Menkaure
  5438 | D:7      | Killed Menkaure
  5442 | D:7      | Found a radiant altar of Vehumet.
  5460 | D:7      | Reached skill level 4 in Armour
  5609 | D:7      | Reached XP level 9. HP: 39/68 MP: 11/11
  6708 | D:8      | Noticed Joseph
  6939 | D:5      | Killed a two-headed ogre
  6939 | D:5      | Reached skill level 5 in Armour
  7336 | D:8      | Gained mutation: You are immune to freezing clouds.
                  | [demonic ancestry]
  7336 | D:8      | Reached XP level 10. HP: 53/76 MP: 13/13
  7382 | D:8      | Reached skill level 5 in Evocations
  7694 | D:8      | Killed Joseph
  7903 | D:8      | Found a white marble altar of Elyvilon.
  7993 | D:8      | Noticed Psyche
  8002 | D:8      | Paralysed by Psyche for 5 turns
  8006 | D:8      | Killed Psyche
  8551 | D:9      | Found a glowing silver altar of Zin.
  8587 | D:9      | Found a runed translucent gate.
  8587 | D:9      | Found a runed translucent gate.
  8588 | D:9      | Found a runed translucent gate.
  8589 | D:9      | Noticed Trampli's ghost (journeyman NaAr)
  8590 | D:9      | Noticed Dezc2000's ghost (novice OgWz)
  8590 | D:9      | Noticed Curus's ghost (novice MiBe)
  8776 | D:9      | Reached skill level 6 in Armour
  8806 | D:9      | Found a runed translucent door.
  8806 | D:9      | Noticed a sixfirhy
  9546 | D:10     | Entered Level 10 of the Dungeon
  9546 | D:10     | Noticed Josephine
  9561 | D:9      | Killed Josephine
  9561 | D:9      | Reached skill level 10 in Staves
  9561 | D:9      | Gained mutation: You are mostly covered in sharp spines.
                  | [demonic ancestry]
  9561 | D:9      | Reached XP level 11. HP: 24/84 MP: 14/14
  9589 | D:9      | Gained mutation: Your system is resistant to poisons.
                  | (rPois) [potion of mutation]
  9589 | D:9      | Gained mutation: Your spells are a little harder to cast,
                  | but a little more powerful. [potion of mutation]
  9974 | D:10     | Noticed a two-headed ogre
  9985 | D:10     | Killed a two-headed ogre
 10030 | D:10     | Noticed a two-headed ogre
 10047 | D:10     | Killed a two-headed ogre
 10333 | D:10     | Reached skill level 7 in Armour
 11212 | D:11     | Found a staircase to the Lair.
 11212 | D:11     | Noticed a purple ugly thing
 11227 | D:11     | Killed a purple ugly thing
 11370 | D:11     | Found a gateway to a bazaar.
 11370 | D:11     | Noticed an obsidian statue
 11386 | D:11     | Killed an obsidian statue
 11391 | Bazaar   | Entered a bazaar
 11391 | Bazaar   | Found Raar's Jewellery Boutique.
 11579 | Bazaar   | Found Juuttaun's General Store.
 11590 | Bazaar   | Found Moim's Antique Armour Boutique.
 11601 | Bazaar   | Found Ete Ruwn's Magic Scroll Emporium.
 11609 | Bazaar   | Found Elonus's Antique Weapon Emporium.
 11623 | Bazaar   | Bought a lajatang for 345 gold pieces
 11634 | Bazaar   | Bought the ring of Beadaqodimm {rN+ Dex+4 Slay+3} for 775
                  | gold pieces
 11651 | Bazaar   | Bought a wand of clouds (6) for 270 gold pieces
 11651 | Bazaar   | Bought a potion of haste for 90 gold pieces
 11651 | Bazaar   | Bought a potion of flight for 27 gold pieces
 11673 | Bazaar   | Bought a scroll of identify for 20 gold pieces
 11673 | Bazaar   | Bought a scroll of enchant armour for 75 gold pieces
 11673 | Bazaar   | Bought a scroll of remove curse for 30 gold pieces
 11673 | Bazaar   | Bought a scroll of enchant armour for 75 gold pieces
 11673 | Bazaar   | Bought a scroll of identify for 20 gold pieces
 11673 | Bazaar   | Bought a scroll of identify for 20 gold pieces
 11673 | Bazaar   | Bought a scroll of identify for 20 gold pieces
 11673 | Bazaar   | Bought a scroll of identify for 20 gold pieces
 11702 | Bazaar   | Bought a scroll of summoning for 95 gold pieces
 11702 | Bazaar   | Bought a scroll of immolation for 35 gold pieces
 11713 | Bazaar   | Bought a glowing scale mail for 280 gold pieces
 11729 | Bazaar   | Lost mutation: Your system is resistant to poisons. (rPois)
                  | [potion of mutation]
 11729 | Bazaar   | Lost mutation: Your spells are a little harder to cast, but
                  | a little more powerful. [potion of mutation]
 11729 | Bazaar   | Gained mutation: You are robust. (+10% HP) [potion of
                  | mutation]
 11729 | Bazaar   | Gained mutation: You can translocate small distances at
                  | will. [potion of mutation]
 11788 | D:11     | Noticed a white ugly thing
 11804 | D:11     | Killed a white ugly thing
 12233 | D:11     | Found a shattered altar of Ashenzari.
 12387 | D:11     | Killed an unseen horror
 12678 | D:12     | Reached XP level 12. HP: 103/103 MP: 15/15
 12918 | D:12     | Noticed Gastronok
 12940 | D:12     | Killed Gastronok
 12940 | D:12     | Reached skill level 8 in Armour
 13612 | D:12     | Noticed Jorgrun
 13913 | Lair:1   | Entered Level 1 of the Lair of Beasts
 14196 | Lair:1   | Noticed Urug
 14207 | Lair:1   | Killed Urug
 14689 | Lair:1   | Noticed Grum
 14696 | Lair:1   | Killed Grum
 15130 | Lair:2   | Found a frozen archway.
 15173 | IceCv    | Entered an ice cave
 15721 | IceCv    | Reached skill level 10 in Fighting
 15721 | IceCv    | Gained mutation: You are mostly covered in large bone
                  | plates. (SH +6) [demonic ancestry]
 15721 | IceCv    | Reached XP level 13. HP: 78/113 MP: 16/16
 15964 | IceCv    | Noticed a frost giant
 15993 | IceCv    | Reached skill level 9 in Armour
 16011 | IceCv    | Killed a frost giant
 16870 | Lair:2   | Found a staircase to the Shoals.
 16924 | Lair:2   | Got a transparent hat
 16935 | Lair:2   | Identified the +1 hat of the Sun {-Cast *Contam rC++ MR+
                  | Stlth+} (You found it on level 2 of the Lair of Beasts)
 17361 | Lair:3   | Found a staircase to the Snake Pit.
 17435 | Lair:3   | Reached skill level 10 in Dodging
 18264 | Lair:3   | Found a runed translucent door.
 19200 | Lair:4   | Noticed Rupert
 20369 | Lair:5   | Found a staircase to the Slime Pits.
 20369 | Lair:5   | Found a viscous altar of Jiyva.
 20573 | Lair:5   | Reached skill level 10 in Armour
 20584 | Lair:5   | Gained mutation: You have razor-sharp toenails. [demonic
                  | ancestry]
 20584 | Lair:5   | Reached XP level 14. HP: 69/124 MP: 17/17
 21488 | Lair:6   | Entered Level 6 of the Lair of Beasts
 21498 | Lair:6   | Found a runed translucent gate.
 21498 | Lair:6   | Found a runed translucent gate.
 21498 | Lair:6   | Found a runed translucent gate.
 21568 | Lair:6   | HP: 5/124 [steam dragon/ball of steam (21)]
 21963 | Lair:6   | Found a gate leading to a gauntlet.
 21972 | Gauntlet | Entered a Gauntlet
 21972 | Gauntlet | Found a transporter.
 22335 | Gauntlet | Found a transporter.
 22337 | Gauntlet | Found a transporter.
 22349 | Gauntlet | Found a transporter.
 22352 | Gauntlet | Found a transporter.
 22358 | Gauntlet | Found a runed translucent gate.
 22360 | Gauntlet | Found a transporter.
 22361 | Gauntlet | Found a runed translucent gate.
 22362 | Gauntlet | Found a runed translucent gate.
 22376 | Gauntlet | Found a transporter.
 22386 | Gauntlet | Found a transporter.
 22397 | Gauntlet | Found a transporter.
 22413 | Gauntlet | Found a transporter.
 22426 | Gauntlet | Found a transporter.
 22426 | Gauntlet | Found a transporter.
 22434 | Gauntlet | Found a runed translucent door.
 22480 | Gauntlet | Found a transporter.
 22494 | Gauntlet | Found a transporter.
 22752 | Gauntlet | Got a slimy silver ring
 22762 | Gauntlet | Identified the ring of Bubbowiq {rPois rF+} (You found it
                  | in a Gauntlet)
 22815 | Gauntlet | Reached skill level 11 in Armour
 23195 | Gauntlet | Identified the ring "Otadulal" {*Contam rElec MR+ Int+5}
 23791 | Lair:6   | Noticed mopl's ghost (journeyman MiTm)
 24761 | Lair:6   | Found a burning altar of Makhleb.
 25173 | Lair:6   | Reached skill level 12 in Armour
 25209 | Lair:6   | Found a gateway to Hell.
 25665 | Lair:6   | Killed mopl's ghost
 25767 | Lair:6   | Reached XP level 15. HP: 117/133 MP: 18/18
 25951 | Lair:4   | Paralysed by Rupert for 2 turns
 25964 | Lair:4   | Killed Rupert
 26481 | D:12     | Killed Jorgrun
 26776 | D:12     | Found a staircase to the Orcish Mines.
 27254 | Orc:1    | Entered Level 1 of the Orcish Mines
 27344 | Orc:1    | Found a deep blue altar of Sif Muna.
 27495 | Orc:1    | You fall through a shaft!
 27495 | Orc:2    | Entered Level 2 of the Orcish Mines
 27653 | Orc:2    | Noticed an orc warlord
 27657 | Orc:2    | Killed an orc warlord
 27931 | Orc:2    | Reached skill level 13 in Armour
 28345 | Orc:2    | Found a roughly hewn altar of Beogh.
 28408 | Orc:2    | Found a staircase to the Elven Halls.
 28636 | Orc:2    | Found Guloz's General Store.
 28637 | Orc:2    | Found Rutsysh's Jewellery Shop.
 28638 | Orc:2    | Found Vepebb's Antique Armour Boutique.
 28638 | Orc:2    | Found Xytyxul's Antique Weapon Boutique.
 28642 | Orc:2    | Bought a pair of polished gloves for 209 gold pieces
 28652 | Orc:2    | Bought a scroll of enchant armour for 90 gold pieces
 28742 | Orc:2    | Identified the +1 pair of gloves "Qisoenok" {*Contam +Inv
                  | rPois Dex+7} (You bought it in a shop on level 2 of the
                  | Orcish Mines)
 28803 | Orc:1    | Found a roughly hewn altar of Beogh.
 29406 | D:9      | Killed Curus's ghost
 29413 | D:9      | Killed Dezc2000's ghost
 29426 | D:9      | Killed Trampli's ghost
 29742 | Lair:1   | Bought a pair of dazzling boots for 247 gold pieces
 29742 | Lair:1   | Bought a polished plate armour for 728 gold pieces
 29753 | Lair:1   | Identified the cursed +1 plate armour of New Discoveries
                  | {rElec} (You bought it in a shop on level 1 of the Lair of
                  | Beasts)
 29763 | Lair:1   | Identified the +0 pair of boots of Exclusion {Int+2} (You
                  | bought it in a shop on level 1 of the Lair of Beasts)
 29791 | Lair:1   | Bought a smoking quarterstaff for 288 gold pieces
 29791 | Lair:1   | Identified the +2 quarterstaff of the Middle {freeze,
                  | Fragile Int+5} (You bought it in a shop on level 1 of the
                  | Lair of Beasts)
 29803 | Lair:1   | Bought a +4 ring mail of positive energy for 504 gold
                  | pieces
 29966 | D:13     | Found a gate to the Vaults.
 30621 | D:13     | Cast into level 3 of the Abyss (skeletal warrior)
 30632 | Abyss:3  | Noticed a bone dragon
 30677 | Abyss:3  | Found an ornate altar of the Wu Jian Council.
 30956 | Abyss:3  | Noticed a bone dragon
 30972 | Abyss:3  | Killed a bone dragon
 30972 | Abyss:3  | Gained mutation: A meltable icy envelope protects you from
                  | harm. (AC +0) [demonic ancestry]
 30972 | Abyss:3  | Reached XP level 16. HP: 67/144 MP: 19/19
 31121 | Abyss:3  | Reached skill level 14 in Armour
 31125 | D:13     | Escaped the Abyss
 32054 | D:14     | Identified the ring of Jiont {+Fly rElec MR+}
 32681 | D:15     | Entered Level 15 of the Dungeon
 32681 | D:15     | Found a transporter.
 32681 | D:15     | Noticed Exporg's ghost (journeyman HOBe)
 32829 | D:15     | Found a staircase to the Depths.
 32871 | D:15     | Found a transporter.
 33532 | D:15     | Killed Exporg's ghost
 33540 | D:15     | Got an ancient cloak
 33543 | D:15     | Gained mutation: You are clumsy. (Dex -2) [a neqoxec]
 33555 | D:15     | Identified the +0 cloak of Calculation {*Corrode rF+ Int+2}
                  | (You found it on level 15 of the Dungeon)
 33591 | D:15     | Got the ring "Liokefal" {Int-3}
 33801 | Snake:1  | Entered Level 1 of the Snake Pit
 34263 | Snake:1  | Reached skill level 15 in Armour
 34984 | Snake:2  | Noticed Saint Roka
 35018 | Snake:2  | HP: 4/146 [Saint Roka/divine providence (13)]
 35462 | Snake:2  | Killed Saint Roka
 35831 | Elf:1    | Entered Level 1 of the Elven Halls
 36458 | Elf:1    | Gained mutation: Your magical and physical power is
                  | slightly enhanced at high health. [demonic ancestry]
 36458 | Elf:1    | Reached XP level 17. HP: 121/154 MP: 20/20
 37876 | Elf:1    | Reached skill level 16 in Armour
 38479 | Elf:2    | Found a runed translucent gate.
 38705 | Elf:2    | Found a runed translucent gate.
 38722 | Elf:2    | Found Coamar's Food Boutique.
 39139 | Elf:2    | Found a runed translucent gate.
 39240 | Elf:2    | Noticed Roxanne
 39259 | Elf:2    | Killed Roxanne
 39395 | Elf:2    | Reached skill level 15 in Fighting
 40743 | Elf:3    | Entered Level 3 of the Elven Halls
 41328 | Snake:2  | Reached skill level 17 in Armour
 41380 | Snake:2  | Gained mutation: You have claws for feet. [demonic
                  | ancestry]
 41380 | Snake:2  | Reached XP level 18. HP: 138/163 MP: 21/21
 42049 | Snake:2  | You fall through a shaft!
 43989 | Snake:4  | Entered Level 4 of the Snake Pit
 45393 | Snake:4  | Reached skill level 15 in Dodging
 45643 | Snake:4  | Reached skill level 18 in Armour
 46964 | Snake:4  | Gained mutation: Your magical and physical power is
                  | enhanced at high health. [demonic ancestry]
 46964 | Snake:4  | Reached XP level 19. HP: 157/172 MP: 22/22
 47261 | Snake:4  | Got a serpentine rune of Zot
 48094 | Lair:1   | Bought the ring of Robustness {AC+8} for 1792 gold pieces
 48094 | Lair:1   | Found the ring of Robustness {AC+8}
 48837 | Elf:3    | Identified the amulet "Vaghivyo" {Faith -Tele rElec Int+5}
 48846 | Elf:3    | Identified the +5 scythe of Cuzuet {flame, +Blink MR+
                  | Int+5}
 48877 | Elf:3    | Identified the +6 plate armour "Wym Usok" {rF- rN+ Regen+}
 48888 | Elf:3    | Identified the +0 robe of Tender Moments {rElec Int+4}
 49344 | Elf:3    | Reached skill level 19 in Armour
 49404 | Elf:2    | Cast into level 3 of the Abyss (a deep elf sorcerer)
 49501 | Elf:2    | Escaped the Abyss
 49823 | Elf:3    | Noticed a Brimstone Fiend
 50045 | Elf:3    | Identified the +8 hand axe of Ogriotoz {chop, rC+}
 50279 | Elf:3    | Identified Boulul's Almanac of Gliding Poison
 50289 | Elf:3    | Identified Citwuh's Tome of Creative Poisoning
 50347 | Elf:3    | Identified the Tome of Displaced Transformation
 50367 | Elf:3    | Identified the Incunabulum of Icy Calling
 50542 | Elf:3    | Reached XP level 20. HP: 184/184 MP: 23/23
 51089 | Lair:1   | Bought the +2 ratskin cloak {+Rats rPois rN+ Str-1 Int-1
                  | Dex+1} for 417 gold pieces
 51089 | Lair:1   | Found the +2 ratskin cloak {+Rats rPois rN+ Str-1 Int-1
                  | Dex+1}
 51202 | Shoals:1 | Entered Level 1 of the Shoals
 51282 | Shoals:1 | Lost mutation: You are clumsy. (Dex -2) [potion of
                  | mutation]
 51282 | Shoals:1 | Lost mutation: You can translocate small distances at will.
                  | [potion of mutation]
 51282 | Shoals:1 | Gained mutation: Your body sometimes deteriorates upon
                  | taking damage. [potion of mutation]
 51282 | Shoals:1 | Gained mutation: You are resistant to hostile enchantments.
                  | (MR+) [potion of mutation]
 51283 | Shoals:1 | Lost mutation: You are resistant to hostile enchantments.
                  | (MR+) [potion of mutation]
 51283 | Shoals:1 | Lost mutation: Your body sometimes deteriorates upon taking
                  | damage. [potion of mutation]
 51283 | Shoals:1 | Gained mutation: You possess an exceptional clarity of
                  | mind. [potion of mutation]
 51283 | Shoals:1 | Gained mutation: Armour fits poorly on your strangely
                  | shaped body. [potion of mutation]
 51283 | Shoals:1 | Gained mutation: Your flesh is heat resistant. (rF+)
                  | [potion of mutation]
 51382 | Lair:1   | Lost mutation: Armour fits poorly on your strangely shaped
                  | body. [potion of mutation]
 51382 | Lair:1   | Lost mutation: You possess an exceptional clarity of mind.
                  | [potion of mutation]
 51382 | Lair:1   | Lost mutation: You are robust. (+10% HP) [potion of
                  | mutation]
 51382 | Lair:1   | Gained mutation: Your flesh is very cold resistant. (rC++)
                  | [potion of mutation]
 51382 | Lair:1   | Gained mutation: Your muscles are strong. (Str +2) [potion
                  | of mutation]
 51382 | Lair:1   | Gained mutation: You have a pair of small antennae on your
                  | head. [potion of mutation]
 51712 | Shoals:1 | Got a fine lead ring
 51733 | Shoals:1 | Identified the ring of Hiec {rElec Slay+2 SInv} (You found
                  | it on level 1 of the Shoals)
 51760 | Shoals:1 | Noticed Aizul
 51769 | Shoals:1 | Killed Aizul
 52011 | Shoals:2 | Noticed Ilsuiw
 52040 | Shoals:2 | Killed Ilsuiw
 52274 | Shoals:2 | Noticed Frances
 52286 | Shoals:2 | Killed Frances
 52479 | Shoals:2 | Found a transporter.
 52501 | Shoals:2 | Noticed Cynry's ghost (journeyman FeBe)
 52620 | Shoals:2 | Found a transporter.
 52759 | Shoals:2 | Killed Cynry's ghost
 52792 | Shoals:2 | Got a heavily runed bone ring
 52794 | Shoals:2 | Got a dazzling cloak
 52807 | Shoals:2 | Identified the ring "Ariuhok" {rPois rC- MR++ Int+3 Dex+3}
                  | (You found it on level 2 of the Shoals)
 52808 | Shoals:2 | Identified the +1 cloak of the Trees {Str+4} (You found it
                  | on level 2 of the Shoals)
 52847 | Shoals:3 | Noticed Polyphemus
 52864 | Shoals:3 | Reached skill level 20 in Armour
 52913 | Shoals:3 | Killed Polyphemus
 53270 | Shoals:3 | Got a glittering pewter ring
 53271 | Shoals:3 | Identified the ring of Zoibram {*Corrode rPois rN+ Str+3
                  | Int+2 SInv} (You found it on level 3 of the Shoals)
 53960 | Shoals:4 | Entered Level 4 of the Shoals
 54138 | Shoals:4 | Got a slimy scale mail
 54154 | Shoals:4 | Identified the cursed +0 scale mail of Gylyot {rC- Str+6
                  | Int+4} (You found it on level 4 of the Shoals)
 54283 | Shoals:4 | Cast into level 2 of the Abyss (merfolk impaler)
 54321 | Abyss:2  | Paralysed by accursed screaming for 1 turns
 54367 | Abyss:2  | Paralysed by you for 4 turns
 54942 | Shoals:4 | Escaped the Abyss
 55445 | Shoals:4 | Reached XP level 21. HP: 141/177 MP: 18/24
 55456 | Shoals:4 | Got a barnacled rune of Zot
 55545 | Shoals:4 | Identified the cursed ring "Atotzo" {rPois AC-3}
 55892 | Vaults:1 | Entered Level 1 of the Vaults
 56168 | Vaults:1 | Got a steaming scale mail
 56169 | Vaults:1 | Identified the +1 scale mail "Qikkaw" {-Tele rC++} (You
                  | found it on level 1 of the Vaults)
 56640 | Vaults:1 | Reached skill level 21 in Armour
 57829 | Vaults:2 | Found Xeokk's Assorted Antiques.
 57841 | Vaults:2 | Bought a scroll of teleportation for 135 gold pieces
 57841 | Vaults:2 | Bought a scroll of magic mapping for 157 gold pieces
 58165 | Vaults:2 | Found a staircase to the Crypt.
 58165 | Vaults:2 | Found a basalt altar of Yredelemnul.
 58166 | Vaults:2 | Found an ancient bone altar of Kikubaaqudgha.
 59139 | Vaults:3 | Reached XP level 22. HP: 186/186 MP: 25/25
 59213 | Vaults:3 | Found a radiant altar of Vehumet.
 59248 | Vaults:3 | Got a translucent hat
 59262 | Vaults:3 | Got a translucent hat
 59263 | Vaults:3 | Identified the cursed +0 hat of Beauty {rElec rPois rF-
                  | Dex+6} (You found it on level 3 of the Vaults)
 59264 | Vaults:3 | Identified the +1 hat of Classification {rF+ Dex+4} (You
                  | found it on level 3 of the Vaults)
 59510 | Vaults:3 | Reached skill level 22 in Armour
 60388 | Vaults:4 | Found a portal to a secret trove of treasure.
 60498 | Vaults:4 | Found a magical portal.
 60503 | WizLab   | Entered The Hall of the Hellbinder
 60807 | WizLab   | Found a burning altar of Makhleb.
 61211 | WizLab   | Identified the Papyrus of Free Expression
 61214 | WizLab   | Got a vibrating copper ring
 61217 | WizLab   | Identified the ring "Laupaped" {*Tele rF+ Str+4} (You found
                  | it in a wizard's laboratory)
 61222 | WizLab   | Identified a scroll of acquirement
 62737 | Depths:1 | Entered Level 1 of the Depths
 62793 | Depths:1 | Gained mutation: You are completely covered in sharp
                  | spines. [demonic ancestry]
 62793 | Depths:1 | Reached XP level 23. HP: 146/195 MP: 21/26
 63175 | Depths:1 | Reached skill level 23 in Armour
 63350 | Depths:1 | Found a one-way gate to the infinite horrors of the Abyss.
 63397 | Depths:1 | Found Happ's General Store.
 63401 | Depths:1 | Bought a potion of curing for 60 gold pieces
 63401 | Depths:1 | Bought a potion of heal wounds for 100 gold pieces
 63401 | Depths:1 | Bought a scroll of blinking for 150 gold pieces
 63401 | Depths:1 | Bought a scroll of teleportation for 60 gold pieces
 63401 | Depths:1 | Bought a scroll of enchant weapon for 150 gold pieces
 63854 | Depths:1 | You fall through a shaft!
 64094 | Depths:2 | Found a transporter.
 64095 | Depths:2 | Found a corrupted altar of Lugonu.
 64496 | Depths:2 | Found a transporter.
 65233 | Depths:1 | Found the +7 Kryia's mail coat {PotionHeal*2 rC+}
 65531 | Depths:3 | Killed from afar by a storm dragon

Skill      XL: |  1  2  3  4  5  6  7  8  9 10 11 12 13 14 15 16 17 18 19 20 21 22 23 |
---------------+----------------------------------------------------------------------+-----
Staves         | 3 4 5 7 8 10 11 12 13 14 | 14.0
Dodging        | 3 4 5 6 7 8 9 10 11 12 13 14 15 16 17 18 19 | 19.0
Armour         | 1 2 3 4 5 6 7 8 10 12 13 15 17 18 19 20 21 22 23 | 23.7
Evocations     | 1 2 3 4 5 |  5.0
Fighting       | 3 4 5 6 7 8 10 11 12 13 14 15 16 17 18 19 20 | 20.2
Throwing       | |  1.7

Action                   |  1- 3 |  4- 6 |  7- 9 | 10-12 | 13-15 | 16-18 | 19-21 | 22-24 || total
-------------------------+-------+-------+-------+-------+-------+-------+-------+-------++-------
Melee: Quarterstaff      |    94 |   115 |   230 |   422 |    58 |       |       |       ||   919
       Kick              |    16 |    29 |    84 |    98 |   283 |   303 |  1041 |   696 ||  2550
       Lajatang          |       |       |       |   326 |  1195 |  1658 |  1766 |  1074 ||  6019
Throw: Throwing net      |       |       |     1 |       |     1 |     1 |     1 |       ||     4
Invok: Call Merchant     |       |       |       |       |     3 |       |     2 |       ||     5
       Potion Petition   |       |       |       |       |     1 |       |       |       ||     1
 Abil: Evoke Ratskin     |       |       |       |       |       |       |     1 |       ||     1
Evoke: Wand              |       |       |       |       |    16 |       |     6 |     4 ||    26
  Use: Scroll            |       |       |     5 |    12 |    20 |     7 |    13 |     9 ||    66
       Potion            |       |       |       |     4 |     9 |     2 |     5 |     7 ||    27
 Stab: Sleeping          |     2 |       |       |       |     4 |    13 |       |       ||    19
       Distracted        |       |     1 |     2 |     7 |    17 |    18 |    26 |    23 ||    94
       Confused          |       |       |       |       |     3 |     4 |       |       ||     7
       Held in net/web   |       |       |       |       |     2 |     4 |       |       ||     6
  Eat: Chunk             |     1 |     3 |       |       |       |       |       |       ||     4
       Ration            |       |     1 |     4 |     8 |    14 |    15 |    13 |     6 ||    61
Armor: Leather armour    |    31 |    34 |     4 |       |       |       |       |       ||    69
       Ring mail         |       |       |    53 |    69 |    25 |   377 |    57 |       ||   581
       Scale mail        |       |       |       |   141 |   240 |       |       |       ||   381
       Plate armour      |       |       |       |       |       |       |   673 |   366 ||  1039
Dodge: Dodged            |    84 |    61 |   127 |   429 |   611 |  1071 |  1176 |   737 ||  4296
Block: Other             |       |    25 |    27 |   109 |   243 |   317 |   382 |   244 ||  1347
